 Dungeon Crawl Stone Soup version 0.20.0-8-g6b59dc7 (webtiles) character file.

77 anfisbena the Chucker (level 4, -13/48 HPs)
             Began as an Ogre Hunter on May 30, 2017.
             Was an Initiate of Okawaru.
             Killed by divine providence
             ... invoked by an orc priest
              (14 damage)
             ... on level 2 of the Dungeon.
             The game lasted 00:02:52 (3253 turns).

anfisbena the Chucker (Ogre Hunter)                 Turns: 3253, Time: 00:02:53

Health: -13/48     AC:  3    Str: 16    XL:     4   Next: 33%
Magic:  4/4        EV: 10    Int: 17    God:    Okawaru [......]
Gold:   56         SH:  0    Dex: 10    Spells: 3/3 levels left

rFire    . . .     SeeInvis .   i - +0 mace
rCold    . . .     Gourm    .   (no shield)
rNeg     . . .     Faith    .   b - +0 robe
rPois    .         Spirit   .   (helmet restricted)
rElec    .         Reflect  .   (no cloak)
rCorr    .         Harm     .   (gloves unavailable)
MR       .....                  (boots unavailable)
Stlth    +.........             (no amulet)
Regen    0.2/turn               (no ring)
MPRegen  0.1/turn               (no ring)

@: brilliant, hasted, very quick
A: unfitting armour, tough skin 1
a: Renounce Religion


You were on level 2 of the Dungeon.
You worshipped Okawaru.
Okawaru was noncommittal.
You were hungry.

You visited 1 branch of the dungeon, and saw 3 of its levels.

You collected 56 gold pieces.

Inventory:

Hand Weapons
 i - a +0 mace (weapon)
Missiles
 c - 5 large rocks (quivered)
 d - 2 throwing nets
Armour
 b - a +0 robe (worn)
Jewellery
 n - an uncursed ring of protection from magic {unknown}
Scrolls
 a - a scroll of magic mapping {unknown}
 e - 2 scrolls of random uselessness {unknown}
 g - 2 scrolls of identify {unknown}
 h - 2 scrolls of fear {unknown}
 k - 3 scrolls of teleportation {unknown}
 m - a scroll of fog {unknown}
 o - a scroll of amnesia {unknown}
 r - a scroll of remove curse {unknown}
 s - a scroll of enchant weapon {unknown}
Potions
 j - a potion of brilliance
 q - a potion of mutation {unknown}
 t - a potion of lignification {unknown}
Comestibles
 f - 2 bread rations
 p - a royal jelly


   Skills:
 + Level 3.6 Fighting
 * Level 2.3 Maces & Flails
 - Level 4.0 Throwing
 + Level 2.4 Dodging
 - Level 0.6 Stealth


You had 3 spell levels left.
You didn't know any spells.

Dungeon Overview and Level Annotations

Branches:
Dungeon (3/15)

Altars:
Okawaru


Innate Abilities, Weirdness & Mutations

You are too large for most types of armour.
You have tough skin. (AC +1)


Message History

The orc priest looks braver for a moment.
The kobold misses you.
The orc priest mumbles some strange prayers to Beogh against you.
Beogh smites you!
* * * LOW HITPOINT WARNING * * *
It was a potion of brilliance.
You feel clever all of a sudden. The kobold hits you with a club.
* * * LOW HITPOINT WARNING * * *
You closely miss the kobold.
The kobold is severely wounded.
The kobold hits you but does no damage.
You closely miss the kobold.
The kobold is severely wounded.
The kobold hits you with a club.
* * * LOW HITPOINT WARNING * * *
It was a potion of haste.
You feel yourself speed up.
The orc priest calls down the wrath of Beogh upon you.
Beogh smites you!
You die...

######## #......#
.......# .......#
...##### ...# ...#
...###############
..............oK@#
.###############.#
..# #....# #.# #.#
#....# #.# #.##
#....###.#
#..######........#
##......#..[.#####
##......#....#
........#....#


You could see an orc priest and a kobold.

Vanquished Creatures
  2 adders (D:2)
  An ooze (D:1)
  2 worms (D:2)
  2 dart slugs
  6 hobgoblins
  4 jackals (D:2)
  7 kobolds
  2 quokkas (D:2)
  6 bats
  5 frilled lizards
  6 goblins
  3 rats (D:2)
46 creatures vanquished.

Notes
Turn   | Place    | Note
-------+----------+-------------------------------------------
     0 | D:1      | anfisbena the Ogre Hunter began the quest for the Orb.
     0 | D:1      | Reached XP level 1. HP: 22/22 MP: 1/1
   317 | D:1      | Reached XP level 2. HP: 24/31 MP: 2/2
   934 | D:1      | Reached skill level 1 in Maces & Flails
  1376 | D:2      | Reached XP level 3. HP: 37/37 MP: 3/3
  1380 | D:2      | Found an iron altar of Okawaru.
  1395 | D:2      | Became a worshipper of Warmaster Okawaru
  2347 | D:2      | Reached XP level 4. HP: 45/45 MP: 4/4
  3252 | D:2      | HP: 1/48 [kobold/club (5)]
  3253 | D:2      | Killed from afar by an orc priest

Skill      XL: |  1  2  3 |
---------------+----------+-----
Dodging        | 2 |  2.4
Fighting       | 3 |  3.6
Maces & Flails | 1 2 |  2.3
Throwing       | |  4.0
Stealth        | |  0.6

Action                   |  1- 3 |  4- 6 || total
-------------------------+-------+-------++-------
Melee: Whip              |    88 |       ||    88
       Short sword       |     6 |       ||     6
       Mace              |    87 |    42 ||   129
  Use: Potion            |       |     2 ||     2
 Stab: Sleeping          |     1 |       ||     1
  Eat: Chunk             |     5 |     2 ||     7
Armor: Robe              |    73 |     3 ||    76
Dodge: Dodged            |   127 |    25 ||   152
